 Dungeon Crawl Stone Soup version bcrawl-1.12-8-g964540c432 (webtiles) character file.

Game seed: 16844697363028368363

7967 Banto the Basher (level 11, -18/102 HPs)
             Began as a Sand Dwarf Gladiator on June 5, 2019.
             Was an Elder of Okawaru.
             Killed from afar by Psyche (29 damage)
             ... with a poison arrow
             ... on level 8 of the Dungeon.
             The game lasted 00:10:42 (7628 turns).

Banto the Basher (Sand Dwarf Gladiator)             Turns: 7628, Time: 00:10:43

Health: -18/102    AC: 14    Str: 28    XL:     11   Next: 23%
Magic:  12/12      EV: 17    Int: 11    God:    Okawaru [****..]
Gold:   687        SH:  0    Dex: 12    Spells: 10/10 levels left

rFire    + . .     SeeInvis .   C - +10 rapier of Disharmony {vamp, *Drain rC+ Str+8}
rCold    + . .     Gourm    .   (shield restricted)
rNeg     . . .     Faith    +   D - +2 ring mail {rF+}
rPois    .         Spirit   .   c - +1 helmet
rElec    .         Reflect  .   (no cloak)
rCorr    .         Harm     .   K - +0 pair of gloves
MR       +....                  g - +0 pair of boots
Stlth    ++........             F - amulet of faith
HPRegen  0.27/turn              m - +3 ring of evasion
MPRegen  0.13/turn              n - ring of stealth

@: lethally poisoned (-18 -> -73), slow
A: small, slowness 1, armour attunement
a: Heroism, Renounce Religion


You were on level 8 of the Dungeon.
You worshipped Okawaru.
Okawaru was greatly pleased with you.
You were not hungry.

You visited 2 branches of the dungeon, and saw 9 of its levels.

You collected 687 gold pieces.

Inventory:

Hand Weapons
 e - a +2 whip of flaming
 z - a +2 flail of freezing
 C - the +10 rapier of Disharmony (weapon) {vamp, *Drain rC+ Str+8}
   (You found it on level 6 of the Dungeon)

   It inflicts no extra harm, but heals its wielder when it wounds a living foe.
   It affects your strength (+8).
   It protects you from cold.
   It causes draining when unequipped.
Missiles
 p - 2 throwing nets {!f}
 H - 44 exploding tomahawks (quivered)
Armour
 c - a +1 helmet (worn)
 g - a +0 pair of boots (worn)
 D - a +2 ring mail of fire resistance (worn)
 K - a +0 pair of gloves (worn)
Jewellery
 l - an uncursed amulet of the gourmand
 m - a +3 ring of evasion (left hand)
 n - a ring of stealth (right hand)
 y - an uncursed amulet of rage
 F - an amulet of faith (around neck)
Wands
 B - a wand of flame (17)
 G - a wand of enslavement (4)
Scrolls
 q - a scroll of identify
 s - 2 scrolls of enchant armour
 t - 3 scrolls of remove curse
 w - 2 scrolls of teleportation
 x - a scroll of amnesia
 A - 5 scrolls of fear
 E - 2 scrolls of fog
Potions
 a - a potion of haste {unknown}
 b - 2 potions of might
 d - 3 potions of mutation
 h - 3 potions of berserk rage
 i - a potion of flight {unknown}
 j - 2 potions of agility
 k - 5 potions of heal wounds
 o - 2 potions of curing {unknown}
 r - a potion of cancellation
 I - a potion of lignification {unknown}
 J - a potion of magic {unknown}
Comestibles
 f - 21 rations {!d}


   Skills:
 + Level 11.1 Fighting
 + Level 13.2 Maces & Flails
 - Level 6.0 Throwing
 + Level 10.7 Armour
 - Level 2.4 Dodging
 + Level 2.4 Invocations


You had 10 spell levels left.
You didn't know any spells.
Your spell library contained the following spells:

 Spells                   Type           Power        Failure   Level  Hunger
 Haunt                    Necr/Summ      #.........   100%        7    #######
 Borgnjor's Revivificati  Necr           #.........   100%        8    #######
 Infestation              Necr           #.........   100%        8    #######
 Necromutation            Tmut/Necr      #.........   100%        8    #######


Dungeon Overview and Level Annotations

Branches:
Dungeon (8/12)             Temple (1/1) D:6            Lair (0/6) D:7
    Orc: D:8-11

Altars:
Ashenzari
Cheibriados
Dithmenos
Elyvilon
Fedhas
Gozag
Hepliaklqana
Kikubaaqudgha
Lugonu
Makhleb
Nemelex Xobeh
Okawaru
Qazlal
Ru
Sif Muna
Uskayaw
Vehumet
Wu Jian
Xom
Yredelemnul
Zin
The Shining One

Annotations:
D:3 1 runed translucent door, NixNut's ghost, weakling MiMo
D:8 Psyche


Innate Abilities, Weirdness & Mutations

You are small and have problems with some larger weapons.
You cover ground slowly.
Armour does not affect your spellcasting.


Message History

You feel sick. Psyche hits you but does no damage. Space bends around you.
You closely miss Psyche.
Psyche is moderately wounded.
You feel sick. Psyche gestures at you while chanting.
The poison arrow hits you!
You are more poisoned.
* * * LOW HITPOINT WARNING * * *
You closely miss Psyche.
Psyche is moderately wounded.
* * * LOW HITPOINT WARNING * * *
You feel very sick.
Psyche points at you and mumbles some strange words.
The poison arrow hits you!
You are more poisoned.
* * * LOW HITPOINT WARNING * * *
Psyche points at you and mumbles some strange words.
The poison arrow hits you!
You are more poisoned.
You die...

### #..........# ...
#..........##'#+#
###...^.........#
..............>.#
####..##...........#
............#.#.####
#.#........#.....
#.#............###
#.##....@@###..#
#...)..........#
#####.########.#
#.## #####..#
#......# #.....##
#†....# #(....#


You could see Psyche.

Vanquished Creatures
  Pikel (D:5)
  2 cyclopes
  A troll (D:7)
  Prince Ribbit (D:6)
  Grinder (D:3)
  2 hippogriffs
  4 hogs (D:7)
  5 yaks (D:7)
  A human (D:7)
  2 basilisks (D:7)
  A steam dragon (D:8)
  Menkaure (D:5)
  5 porcupines (D:7)
  A water moccasin (D:6)
  8 sky beasts
  A black bear (D:4)
  A necrophage (D:7)
  6 ogres
  A crocodile (D:7)
  A centaur (D:5)
  A big kobold (D:7)
  A gnoll sergeant (D:7)
  A bullfrog (D:8)
  4 scorpions
  4 wights (D:7)
  A howler monkey (D:7)
  4 crimson imps
  A centaur zombie (D:5)
  A quasit (D:5)
  4 hounds
  A centaur skeleton (D:4)
  3 orc priests
  4 orc wizards
  A bullfrog skeleton (D:7)
  Ijyb (D:3)
  An iguana (D:6)
  4 worker ants
  Terence (D:2)
  A hound zombie (D:4)
  A worker ant zombie (D:5)
  8 gnolls
  7 adders
  A shadow imp (D:5)
  2 oozes
  An adder skeleton (D:4)
  5 worms
  3 dart slugs
  3 leopard geckos
  26 orcs
  3 bats
  4 giant cockroaches
  3 goblins (D:2)
  4 hobgoblins
  8 jackals
  4 quokkas
  A ball python (D:1)
  4 frilled lizards
  2 goblin skeletons (D:5)
  3 hobgoblin zombies (D:5)
  13 kobolds
  2 kobold skeletons (D:5)
  A kobold zombie (D:5)
  A leopard gecko skeleton (D:3)
  2 orc skeletons (D:5)
  3 rats
200 creatures vanquished.

Vanquished Creatures (others)
  An iguana (D:5)
  An adder zombie (D:5)
  A ball python (D:5)
  A goblin skeleton (D:5)
  A jackal zombie (D:5)
  A fungus (D:7)
  A plant (D:7)
7 creatures vanquished.

Grand Total: 207 creatures vanquished

Notes
Turn   | Place    | Note
-------+----------+-------------------------------------------
     0 | D:1      | Banto the Sand Dwarf Gladiator began the quest for the Orb.
     0 | D:1      | Reached XP level 1. HP: 18/18 MP: 1/1
   208 | D:1      | Reached XP level 2. HP: 21/25 MP: 2/2
   419 | D:1      | Reached skill level 1 in Armour
   765 | D:2      | Reached XP level 3. HP: 21/31 MP: 3/3
   828 | D:2      | Reached skill level 5 in Maces & Flails
   861 | D:2      | Noticed Terence
   878 | D:2      | Killed Terence
   878 | D:2      | Reached XP level 4. HP: 27/38 MP: 4/4
  1640 | D:3      | Noticed Grinder
  1648 | D:3      | Paralysed by Grinder for 2 turns
  1652 | D:3      | Paralysed by Grinder for 4 turns
  1656 | D:3      | Killed Grinder
  1656 | D:3      | Reached skill level 6 in Maces & Flails
  1656 | D:3      | Reached XP level 5. HP: 18/47 MP: 5/5
  1656 | D:3      | Reached XP level 6. HP: 20/53 MP: 6/6
  1740 | D:3      | Found an opulent altar of Gozag.
  1741 | D:3      | Noticed Ijyb
  1764 | D:3      | Killed Ijyb
  1884 | D:3      | Found a glowing silver altar of Zin.
  2119 | D:3      | Found a runed translucent door.
  2120 | D:3      | Noticed NixNut's ghost (weakling MiMo)
  2645 | D:3      | Reached XP level 7. HP: 51/60 MP: 7/7
  2722 | D:4      | Reached skill level 5 in Fighting
  2722 | D:4      | Reached skill level 7 in Maces & Flails
  3140 | D:4      | Found a white marble altar of Elyvilon.
  3603 | D:4      | Found a radiant altar of Vehumet.
  3603 | D:4      | Found an opulent altar of Gozag.
  3613 | D:4      | Reached skill level 5 in Armour
  3613 | D:4      | Reached XP level 8. HP: 59/70 MP: 8/8
  3648 | D:5      | Entered Level 5 of the Dungeon
  4036 | D:5      | Reached skill level 8 in Maces & Flails
  4036 | D:5      | Reached skill level 5 in Throwing
  4047 | D:5      | Noticed Pikel
  4092 | D:5      | Killed Pikel
  4116 | D:5      | Reached skill level 9 in Maces & Flails
  4149 | D:5      | Found a glowing golden altar of the Shining One.
  4224 | D:5      | Reached XP level 9. HP: 68/79 MP: 9/9
  4889 | D:6      | Noticed Menkaure
  5001 | D:5      | Killed Menkaure
  5136 | D:6      | Found a staircase to the Ecumenical Temple.
  5144 | Temple   | Entered the Ecumenical Temple
  5184 | Temple   | Became a worshipper of Warmaster Okawaru
  5252 | D:6      | Found a basalt altar of Yredelemnul.
  5270 | D:6      | Reached skill level 10 in Maces & Flails
  5444 | D:6      | Got an encrusted rapier
  5472 | D:6      | Noticed Prince Ribbit
  5483 | D:6      | Killed Prince Ribbit
  5619 | D:6      | Reached * piety under Okawaru
  5683 | D:6      | Got a thick robe
  5884 | D:6      | Found a burning altar of Makhleb.
  6061 | D:7      | Got a steaming halberd
  6069 | D:7      | Identified the +10 rapier of Disharmony {vamp, *Drain rC+
                  | Str+8} (You found it on level 6 of the Dungeon)
  6100 | D:7      | Reached skill level 11 in Maces & Flails
  6105 | D:7      | Reached XP level 10. HP: 86/91 MP: 10/10
  6195 | D:7      | Reached ** piety under Okawaru
  6254 | D:7      | Reached *** piety under Okawaru
  6254 | D:7      | Reached skill level 12 in Maces & Flails
  6258 | D:7      | Reached skill level 10 in Fighting
  6282 | D:7      | Found a staircase to the Lair.
  6407 | D:7      | Noticed a cyclops
  6434 | D:7      | Killed a cyclops
  6434 | D:7      | Received a gift from Okawaru
  6434 | D:7      | Reached skill level 10 in Armour
  6619 | D:7      | Reached **** piety under Okawaru
  6860 | D:7      | Reached skill level 1 in Invocations
  6993 | D:7      | Reached XP level 11. HP: 92/101 MP: 11/11
  7006 | D:7      | Reached skill level 13 in Maces & Flails
  7146 | D:8      | Noticed a cyclops
  7171 | D:8      | Killed a cyclops
  7401 | D:8      | Noticed Psyche
  7628 | D:8      | Killed from afar by Psyche

Skill      XL: |  1  2  3  4  5  6  7  8  9 10 11 |
---------------+----------------------------------+-----
Armour         | 1 3 5 6 8 10 | 10.7
Fighting       | 3 4 5 7 9 10 11 | 11.1
Maces & Flails | 5 6 7 9 11 12 13 | 13.2
Throwing       | 3 4 5 6 |  6.0
Invocations    | 1 2 |  2.4
Dodging        | |  2.4

Action                   |  1- 3 |  4- 6 |  7- 9 | 10-12 || total
-------------------------+-------+-------+-------+-------++-------
Melee: Flail             |    86 |   168 |    96 |       ||   350
       Whip              |       |       |   448 |       ||   448
       Rapier            |       |       |    16 |   215 ||   231
Throw: Throwing net      |       |     3 |       |       ||     3
       Tomahawk          |       |       |       |     8 ||     8
Evoke: Wand              |       |       |       |     8 ||     8
  Use: Scroll            |     6 |     6 |     5 |       ||    17
       Potion            |       |       |     1 |       ||     1
 Stab: Held in net/web   |       |     1 |       |       ||     1
  Eat: Chunk             |       |     6 |    20 |     7 ||    33
Armor: Leather armour    |    22 |       |       |       ||    22
       Ring mail         |     7 |       |       |    19 ||    26
       Chain mail        |       |    87 |   198 |    76 ||   361
Dodge: Dodged            |    69 |    95 |   308 |   173 ||   645
